 Dungeon Sprint DCSS version 0.27.1-34-g3ba077fa99 (webtiles) character file.

Game seed: 15714946653377027284

6059 Karpo the Ninja (level 10, -2/44 HPs)
             Began as a Spriggan Enchanter on Feb 9, 2022.
             Was the Champion of Jiyva.
             Engulfed by a cloud of steam (6 damage)
             ... in the Dungeon (Sprint I: "Red Sonja").
             The game lasted 00:21:52 (1015 turns).

Karpo the Ninja (Spriggan Enchanter)                Turns: 1015, Time: 00:21:52

Health: -2/44      AC:  2    Str:  4    XL:     10   Next: 57%
Magic:  21/21      EV: 37    Int: 19    God:    Jiyva [******]
Gold:   567        SH:  0    Dex: 17    Spells: 5/20 levels left

rFire    . . .     SeeInvis +   a - +1 dagger
rCold    . . .     Faith    .   (shield restricted)
rNeg     . . .     Spirit   .   b - +0 robe
rPois    .         Reflect  .   (helmet restricted)
rElec    +         Harm     .   (no cloak)
rCorr    +         Rampage  .   (gloves unavailable)
Will     +....     NoTele   +   (boots unavailable) Stlth *+++++++++
                                j - amulet of the acrobat
HPRegen  0.14/turn              (no ring)
MPRegen  0.17/turn              (no ring)

@: acrobatic, very quick
A: very small, no large weapons, unfitting armour, see invisible, speed 3,
antennae 1, high mp 1, sense surroundings 1, electricity resistance, eyeballs 2,
translucent skin 1, evolution 1, tendrils
a: Renounce Religion, Request Jelly, Slimify, Cure Bad Mutation


You were in the Dungeon.
You worshipped Jiyva.
Jiyva was exalted by your worship.
You visited 1 branch You collected 959 gold pieces.
You spent 392 gold pieces at shops.

Inventory:

Hand Weapons
 a - a +1 dagger (weapon)
 g - a +0 dagger of venom
 k - a +0 dagger of distortion
Missiles
 l - 5 curare-tipped darts
Armour
 b - a +0 robe (worn)
Jewellery
 j - an amulet of the acrobat (around neck)
Wands
 c - a wand of digging (3)
Scrolls
 h - a scroll of blinking
 i - a scroll of fog {unknown}
 n - a scroll of identify {unknown}
 o - a scroll of enchant armour {unknown}
Potions
 d - a potion of heal wounds
 e - a potion of haste
 f - 2 potions of magic
 m - a potion of curing


   Skills:
 - Level 13.0 Short Blades
 - Level 8.0 Dodging
 O Level 27 Stealth
 + Level 5.7 Spellcasting
 * Level 8.0 Hexes


You had 5 spell levels left.
You knew the following spells:

 Your Spells              Type           Power      Damage    Failure   Level
a - Corona                Hex            40%        N/A       1%          1
b - Ensorcelled Hibernat  Hex/Ice        40%        N/A       3%          2
c - Confusing Touch       Hex            36%        N/A       1%          3
d - Dazzling Flash        Conj/Hex       40%        N/A       7%          3
e - Invisibility          Hex            18%        N/A       54%         6

Your spell library contained the following spells:

 Spells                   Type           Power      Damage    Failure   Level
 Tukima's Dance           Hex            36%        N/A       1%          3
 Passwall                 Tmut/Erth      4%         N/A       17%         2
 Swiftness                Air            5%         N/A       34%         3


Dungeon Overview and Level Annotations

Branches:
Dungeon (1/1)

Altars:
Cheibriados
Dithmenos
Elyvilon
Fedhas
Gozag
Hepliaklqana
Kikubaaqudgha
Makhleb
Nemelex Xobeh
Okawaru
Qazlal
Ru
Sif Muna
Trog
Uskayaw
Vehumet
Wu Jian
Xom
Yredelemnul
Zin
The Shining One
Jiyva
Lugonu

Shops:
D :[[:=:(?*([*::(=?:*(

Annotations:
D Lernaean hydra


Innate Abilities, Weirdness & Mutations

You are very small and have problems with some larger weapons.
You are too small for most types of armour.
You have supernaturally acute eyesight. (SInv)
You cover ground extremely quickly. (Speed+++)
You have a pair of small antennae on your head.
You have an increased reservoir of magic. (+10% MP)
You passively map a small area around you.
You are resistant to electric shocks. (rElec)
Your body has grown many golden eyes which may confuse attackers. (Acc +5)
Your translucent skin slightly reduces your foes' accuracy. (Stealth+)
You evolve.
You are covered in slimy tendrils that may disarm your opponents.


Message History

You avoid triggering an arrow trap.
There is an arrow trap here.
You open the door.
Found 351 gold pieces and a robe.
Found 135 gold pieces.
You are engulfed in a cloud of scalding steam.
There is an open door here.
Found 27 gold pieces.
You are engulfed in a cloud of scalding steam.
You now have 540 gold pieces (gained 27).
You are engulfed in a cloud of scalding steam.
You are engulfed in a cloud of scalding steam.
You see here 27 gold pieces.
You now have enough gold to buy a book of the Dragon on this level.
You can access your shopping list by pressing '$'.
You now have 567 gold pieces (gained 27).
You are engulfed in a cloud of scalding steam.
Found 54 gold pieces.
You are engulfed in a cloud of scalding steam.
* * * LOW HITPOINT WARNING * * *
You are engulfed in a cloud of scalding steam.
* * * LOW HITPOINT WARNING * * *
There is an open door here.
Really walk into that arrow trap?
You avoid triggering an arrow trap.
You are engulfed in a cloud of scalding steam.
* * * LOW HITPOINT WARNING * * *
There is an arrow trap here.
Really walk into that net trap?
You become entangled in the net!
There is a net trap here.
You see here a throwing net.
You struggle against the net.
You hear a distant slurping noise.
Jiyva appreciates your sacrifice.
You feel better.
You tear a large gash into the net.
You rip the net and break free!
You are engulfed in a cloud of scalding steam.
You die...

#########################
.#.§§§§.§§.§§§§§#§§'§§$§#
,
'#§####.§§..##§§@§§#§§§§#
§#§# ##§§.#######§#$§§§§#
, §§.# #.###+# *
..#§§§§§* ####^..#y#.#
#.9##§$§§
G{.#.○.###..###$#..≈ ##+
, .^..°°°..##.#A#$#..≈, ,
G..#°°.. * .###$#..≈e *
.^^# #'' ,##..$#..≈#* ,,
, , .°## , # +###, ≈ ,,


There were no monsters in sight!

Vanquished Creatures
  A centaur warrior (D)
  Sonja (D)
  A lindwurm (D)
  An oklob plant (D)
  4 demonic crawlers (D)
  2 kobold demonologists (D)
  2 hornets (D)
  A slime creature (D)
  Sigmund (D)
  A redback (D)
  A yak (D)
  8 hogs (D)
  An ogre (D)
  A jelly (D)
  Ijyb (D)
  A ballistomycete spore (D)
28 creatures vanquished.

Vanquished Creatures (collateral kills)
  A centaur warrior (D)
  A redback (D)
2 creatures vanquished.

Vanquished Creatures (others)
  A deep troll (D)
  A merfolk siren (D)
  A gargoyle (D)
  2 unseen horrors (D)
  3 hornets (D)
  5 hogs (D)
  3 floating eyes (D)
  7 necrophages (D)
  25 jellies (D)
  A ballistomycete spore (D)
49 creatures vanquished.

Grand Total: 79 creatures vanquished

Notes
Turn   | Place    | Note
-------+----------+-------------------------------------------
     0 | D        | Karpo the Spriggan Enchanter began the quest for the Orb.
     0 | D        | Reached XP level 1. HP: 9/9 MP: 5/5
     1 | D        | Noticed Ijyb
    11 | D        | Killed Ijyb
    12 | D        | Reached skill level 10 in Stealth
    12 | D        | Reached XP level 2. HP: 4/13 MP: 6/6
    91 | D        | Noticed an ogre
    94 | D        | Killed an ogre
    95 | D        | Reached skill level 14 in Stealth
    95 | D        | Reached XP level 3. HP: 16/16 MP: 8/8
    95 | D        | Reached XP level 4. HP: 21/21 MP: 9/9
    98 | D        | Learned a level 2 spell: Ensorcelled Hibernation
   102 | D        | Learned a level 3 spell: Confusing Touch
   110 | D        | Noticed Sigmund
   113 | D        | Killed Sigmund
   114 | D        | Reached skill level 17 in Stealth
   114 | D        | Reached XP level 5. HP: 24/24 MP: 10/10
   119 | D        | Learned a level 3 spell: Dazzling Flash
   129 | D        | Found a shimmering blue altar of Sif Muna.
   130 | D        | Found an ornate altar of the Wu Jian Council.
   131 | D        | Found a radiant altar of Vehumet.
   136 | D        | Reached skill level 18 in Stealth
   136 | D        | Reached XP level 6. HP: 28/28 MP: 11/11
   145 | D        | Found Bewienga's Book Emporium.
   145 | D        | Found an ancient bone altar of Kikubaaqudgha.
   145 | D        | Found a hazy altar of Hepliaklqana.
   145 | D        | Found a stormy altar of Qazlal.
   145 | D        | Found a hide-covered altar of Uskayaw.
   145 | D        | Found a blossoming altar of Fedhas.
   145 | D        | Found a bloodstained altar of Trog.
   145 | D        | Found an iron altar of Okawaru.
   145 | D        | Found a basalt altar of Yredelemnul.
   145 | D        | Found a glowing golden altar of the Shining One.
   145 | D        | Found a snail-covered altar of Cheibriados.
   145 | D        | Found a sacrificial altar of Ru.
   145 | D        | Found a glowing silver altar of Zin.
   145 | D        | Found a shadowy altar of Dithmenos.
   145 | D        | Found a white marble altar of Elyvilon.
   145 | D        | Noticed a yak
   146 | D        | Found an opulent altar of Gozag.
   147 | D        | Killed a yak
   148 | D        | Reached skill level 20 in Stealth
   163 | D        | Found a sparkling altar of Nemelex Xobeh.
   181 | D        | Found a viscous altar of Jiyva.
   181 | D        | Found a corrupted altar of Lugonu.
   181 | D        | Noticed a slime creature
   182 | D        | Found a burning altar of Makhleb.
   182 | D        | Found a shimmering altar of Xom.
   184 | D        | Killed a slime creature
   185 | D        | Reached skill level 21 in Stealth
   185 | D        | Reached XP level 7. HP: 32/32 MP: 12/12
   187 | D        | Became a worshipper of Jiyva Jehuatse the Shapeless
   201 | D        | Reached * piety under Jiyva
   201 | D        | Reached ** piety under Jiyva
   210 | D        | Killed an unseen horror
   211 | D        | Reached *** piety under Jiyva
   211 | D        | Gained mutation: You have a pair of small horns on your
                  | head. [Jiyva's grace]
   211 | D        | Reached **** piety under Jiyva
   211 | D        | Gained mutation: You are partially covered in iridescent
                  | scales. (AC +2) [Jiyva's grace]
   211 | D        | Reached ***** piety under Jiyva
   211 | D        | Gained mutation: You passively map a small area around you.
                  | [Jiyva's grace]
   211 | D        | Gained mutation: Your spells are a little harder to cast,
                  | but a little more powerful. [Jiyva's grace]
   212 | D        | Lost mutation: Your spells are a little harder to cast, but
                  | a little more powerful. [Jiyva's grace]
   212 | D        | Reached ****** piety under Jiyva
   214 | D        | Lost mutation: You are partially covered in iridescent
                  | scales. (AC +2) [Jiyva's grace]
   216 | D        | Gained mutation: You have a pair of horns on your head.
                  | [Jiyva's grace]
   216 | D        | Gained mutation: You have sharp toenails. [Jiyva's grace]
   250 | D        | Noticed Sonja
   254 | D        | Killed Sonja
   254 | D        | Noticed a shining eye
   255 | D        | Reached skill level 24 in Stealth
   255 | D        | Reached XP level 8. HP: 36/36 MP: 13/13
   255 | D        | Noticed a shining eye
   258 | D        | Killed an unseen horror
   260 | D        | Noticed a shining eye
   306 | D        | Lost mutation: You have a pair of horns on your head.
                  | [Jiyva's grace]
   314 | D        | Gained mutation: You evolve. [Jiyva's grace]
   321 | D        | Noticed a shining eye
   321 | D        | Noticed a shining eye
   322 | D        | Noticed a shining eye
   323 | D        | Found Toczimeu's Book Boutique.
   323 | D        | Gained mutation: You have razor-sharp toenails. [Jiyva's
                  | grace]
   326 | D        | Noticed a shining eye
   326 | D        | Noticed a shining eye
   330 | D        | Found Plog's Book Boutique.
   330 | D        | Found Agitiusyib's Armour Emporium.
   332 | D        | Found Fyetos's Jewellery Shop.
   333 | D        | Found Qetoc's Antique Armour Shoppe.
   366 | D        | Noticed a centaur warrior
   375 | D        | Killed a centaur warrior
   399 | D        | Gained mutation: Armour fits poorly on your strangely
                  | shaped body. [Jiyva's grace]
   413 | D        | Noticed a centaur warrior
   413 | D        | Noticed a hornet
   415 | D        | Killed a centaur warrior
   416 | D        | Reached skill level 26 in Stealth
   416 | D        | Reached XP level 9. HP: 39/39 MP: 14/14
   418 | D        | Lost mutation: You evolve. [Jiyva's grace]
   420 | D        | Reached skill level 27 in Stealth
   420 | D        | Lost mutation: Armour fits poorly on your strangely shaped
                  | body. [Jiyva's grace]
   429 | D        | Noticed an oklob plant
   432 | D        | Killed a deep troll
   437 | D        | Gained mutation: You are dopey. (Int -2) [Jiyva's grace]
   441 | D        | Killed an oklob plant
   460 | D        | Gained mutation: You are covered in slimy tendrils that may
                  | disarm your opponents. [Jiyva's grace]
   477 | D        | Found Zaecaffuo's Magic Scroll Shoppe.
   477 | D        | Found Zetu's Book Boutique.
   478 | D        | Found Otijageo's Assorted Antiques.
   478 | D        | Found Ita Zuca's General Store.
   479 | D        | Found Pirups's Weapon Emporium.
   482 | D        | Found Jits's Weapon Shop.
   484 | D        | Found Yffy's Antique Weapon Emporium.
   484 | D        | Found Siuczeps's Armour Shop.
   484 | D        | Found Lihianatt's Assorted Antiques.
   484 | D        | Found Xeysmora's Book Boutique.
   484 | D        | Found Jelinuob's Book Emporium.
   484 | D        | Found Wamiwn's Antique Weapon Shop.
   484 | D        | Found Kiretah's Jewellery Shoppe.
   490 | D        | Gained mutation: You are resistant to electric shocks.
                  | (rElec) [Jiyva's grace]
   495 | D        | Found Cugoe's Magic Scroll Boutique.
   506 | D        | Bought a book of Burglary for 392 gold pieces
   556 | D        | Noticed a kobold demonologist
   557 | D        | Gained mutation: You evolve. [Jiyva's grace]
   560 | D        | Noticed a kobold demonologist
   560 | D        | Noticed a demonic crawler
   560 | D        | Noticed a demonic crawler
   560 | D        | Noticed a demonic crawler
   560 | D        | Noticed a demonic crawler
   560 | D        | Gained mutation: You possess an exceptional clarity of
                  | mind. [Jiyva's grace]
   562 | D        | Noticed a gargoyle
   563 | D        | Killed a kobold demonologist
   565 | D        | Killed a kobold demonologist
   566 | D        | Reached skill level 10 in Short Blades
   568 | D        | Killed a demonic crawler
   569 | D        | Killed a demonic crawler
   569 | D        | Gained mutation: You have an increased reservoir of magic.
                  | (+10% MP) [Jiyva's grace]
   571 | D        | Killed a demonic crawler
   571 | D        | Noticed a lorocyproca
   572 | D        | Reached XP level 10. HP: 44/44 MP: 16/16
   575 | D        | Lost mutation: You possess an exceptional clarity of mind.
                  | [Jiyva's grace]
   579 | D        | Gained mutation: Your body has grown golden eyes which may
                  | confuse attackers. (Acc +3) [Jiyva's grace]
   583 | D        | Gained mutation: You have a small jelly attached to you
                  | that may absorb incoming projectiles. [Jiyva's grace]
   586 | D        | Gained mutation: You possess an exceptional clarity of
                  | mind. [Jiyva's grace]
   588 | D        | Noticed a lindwurm
   590 | D        | Killed a lindwurm
   590 | D        | Lost mutation: You have a small jelly attached to you that
                  | may absorb incoming projectiles. [Jiyva's grace]
   604 | D        | Lost mutation: You have a pair of small horns on your head.
                  | [Jiyva's grace]
   607 | D        | Lost mutation: You have razor-sharp toenails. [Jiyva's
                  | grace]
   616 | D        | Lost mutation: You possess an exceptional clarity of mind.
                  | [Jiyva's grace]
   620 | D        | Gained mutation: You have a pair of small antennae on your
                  | head. [Jiyva's grace]
   621 | D        | Gained mutation: Your body has grown many golden eyes which
                  | may confuse attackers. (Acc +5) [Jiyva's grace]
   622 | D        | Reached skill level 5 in Hexes
   622 | D        | Gained mutation: Your translucent skin slightly reduces
                  | your foes' accuracy. (Stealth+) [Jiyva's grace]
   622 | D        | Gained mutation: Your muscles are strong. (Str +2) [Jiyva's
                  | grace]
   623 | D        | Lost mutation: Your muscles are strong. (Str +2) [Jiyva's
                  | grace]
   672 | D        | Killed a gargoyle
   695 | D        | Reached skill level 5 in Spellcasting
   723 | D        | Learned a level 6 spell: Invisibility
   723 | D        | Noticed a deep elf annihilator
   723 | D        | Noticed the 27-headed Lernaean hydra
   731 | D        | Lost mutation: You are dopey. (Int -2) [Jiyva's power]
   736 | D        | Noticed a daeva
   749 | D        | Lost mutation: You have sharp toenails. [Jiyva's grace]
   840 | D        | Killed a merfolk siren
   986 | D        | Noticed a gargoyle
  1010 | D        | HP: 2/44 [something (3)]
  1015 | D        | Engulfed by a cloud of steam

Illustrated notes

Levels and vault maps discovered:
D:        dungeon_sprint_1 [red_sonja_temple_1, red_sonja_temple_small_1]

Skill      XL: |  1  2  3  4  5  6  7  8  9 10 |
---------------+-------------------------------+-----
Stealth        | 10 14 17 18 21 24 26 27 | 27.0
Short Blades   | 12 13 | 13.0
Dodging        | 8 |  8.0
Spellcasting   | 5 |  5.7
Hexes          | 8 |  8.0

Action                   |  1- 3 |  4- 6 |  7- 9 | 10-12 || total
-------------------------+-------+-------+-------+-------++-------
Melee: Dagger            |     8 |     4 |    25 |    17 ||    54
       Kick              |       |       |     4 |     2 ||     6
       Headbutt          |       |       |     3 |       ||     3
 Cast: Ensorcelled Hiber |       |       |     1 |    17 ||    18
       Confusing Touch   |       |       |     1 |       ||     1
Invok: Cure Bad Mutation |       |       |       |     2 ||     2
  Use: Potion            |     2 |       |       |       ||     2
 Stab: Sleeping          |     2 |     4 |     9 |     9 ||    24
       Confused          |       |       |     2 |     1 ||     3
       Distracted        |       |       |     1 |     1 ||     2
Dodge: Dodged            |     3 |       |     6 |    20 ||    29
